 Dungeon Crawl Stone Soup version 0.19-a0-1879-gd95bc26 (webtiles) character file.

120 Minion the Conjurer (level 4, -1/30 HPs)
             Began as a Mummy Conjurer on Oct 14, 2016.
             Slain by Natasha (5 damage)
             ... on level 3 of the Dungeon.
             The game lasted 00:09:10 (3503 turns).

Minion the Conjurer (Mummy Conjurer)                Turns: 3503, Time: 00:09:10

Health: -1/30      AC:  4    Str: 11    XL:     4   Next: 75%
Magic:  0/9        EV: 12    Int: 15    God:
Gold:   135        SH:  0    Dex: 12    Spells: 1 memorised, 9 levels left

rFire  x . .     SeeInvis .     (no weapon)
rCold  + . .     Gourm    .     a - +0 robe
rNeg   + + +     Faith    .     (no shield)
rPois  ∞         Spirit   .     (no helmet)
rElec  .         Dismiss  .     (no cloak)
rCorr  .         Reflect  .     e - +0 pair of gloves
MR     .....     Harm     .     j - +0 pair of boots
Stlth  ++........               (no amulet)
                                (no ring)
                                (no ring)

@: very slightly contaminated, slowed, very slow
A: no food or potions, fire vulnerability, cold resistance 1, negative energy
resistance 3, torment resistance, unbreathing
a: no special abilities


You were on level 3 of the Dungeon.
You were not hungry.

You visited 1 branch of the dungeon, and saw 3 of its levels.

You collected 135 gold pieces.

Inventory:

Armour
 a - a +0 robe (worn)
 e - a +0 pair of gloves (worn)
 j - a +0 pair of boots (worn)
Scrolls
 c - 2 scrolls of teleportation {unknown}
 d - a scroll of amnesia {unknown}
 f - 2 scrolls of random uselessness {unknown}
 g - a scroll of remove curse {unknown}
 h - 2 scrolls of identify {unknown}
 i - a scroll of enchant weapon {unknown}
Books
 b - a book of Conjurations

   Spells                             Type                      Level
   a - Magic Dart                     Conjuration                  1
   b - Searing Ray                    Conjuration                  2
   c - Dazzling Spray                 Conjuration/Hexes            3
   d - Fulminant Prism                Conjuration/Hexes            4
   e - Iskenderun's Mystic Blast      Conjuration                  4
   f - Iskenderun's Battlesphere      Conjuration/Charms           5


   Skills:
 - Level 1.5 Dodging
 - Level 1.5 Stealth
 + Level 3.6 Spellcasting
 + Level 4.2 Conjurations


You had 9 spell levels left.
You knew the following spells:

 Your Spells              Type           Power        Failure   Level  Hunger
a - Magic Dart            Conj           ###.         3%          1    N/A

Dungeon Overview and Level Annotations

Branches:
Dungeon (3/15)

Altars:
Elyvilon
Fedhas

Annotations:
D:3 Minion's ghost, amateur HuMo; Natasha


Innate Abilities, Weirdness & Mutations

You do not eat or drink.
Your flesh is vulnerable to fire.
You are immune to poison.
Your flesh is cold resistant. (rC+)
You are immune to negative energy. (rN+++)
You are immune to unholy pain and torment.
You can survive without breathing.


Message History

You closely miss Natasha.
Natasha is severely wounded.
Natasha casts a spell at you. The magic dart hits you!
You hit Natasha.
Natasha is almost dead.
Natasha closely misses you.
You hit Natasha.
Natasha is almost dead.
Natasha claws you.
You barely miss Natasha.
Natasha is almost dead.
Natasha casts a spell at you.
You feel yourself slow down.
You barely miss Natasha.
Natasha is almost dead.
Natasha claws you.
* * * LOW HITPOINT WARNING * * *
Natasha claws you.
You die...

#.# #.# ###.# .##.# ###
..#.# ..# ..#.#######
#.# ..........# #.#
..#.#####.#####.#####...
#.#.# #.<.....@h.)....
#.#.# ######.#####...
#.#.# #.# ....#
#####.#### .#..#
#......[.# ...#####
#.##.........
#......####.##...#.##..
##.........#..†###.#
.....#.####.##.# #


You could see Natasha.

Vanquished Creatures
  Natasha (D:3)
  4 adders (D:2)
  An ooze (D:1)
  2 worms (D:2)
  A dart slug (D:2)
  A leopard gecko (D:1)
  4 bats
  3 giant cockroaches
  4 goblins
  11 hobgoblins
  A quokka (D:3)
  4 frilled lizards
  4 kobolds
  7 rats
48 creatures vanquished.

Notes
Turn   | Place    | Note
-------+----------+-------------------------------------------
     0 | D:1      | Minion the Mummy Conjurer began the quest for the Orb.
     0 | D:1      | Reached XP level 1. HP: 13/13 MP: 3/3
   295 | D:1      | Reached XP level 2. HP: 19/19 MP: 3/5
  1084 | D:1      | Reached XP level 3. HP: 24/24 MP: 4/7
  1442 | D:2      | Found a blossoming altar of Fedhas.
  1870 | D:2      | Found a faded altar of an unknown god.
  1873 | D:2      | Found a white marble altar of Elyvilon.
  2076 | D:2      | Reached skill level 4 in Conjurations
  2199 | D:2      | Reached XP level 4. HP: 30/30 MP: 0/8
  2845 | D:3      | Noticed Natasha
  2854 | D:3      | Killed Natasha
  2891 | D:3      | Noticed Minion's ghost (amateur HuMo)
  3487 | D:3      | Noticed Natasha
  3503 | D:3      | Slain by Natasha

Vault maps used:
D:1:      mrwooster_arrival_statue_3, minmay_misc_feat_doors
D:2:      overflow_temple_1_default, ecumenical_altar_2, minmay_misc_feat_tiny,
          fedhas_altar_2
D:3:      zin_treasury, uniq_natasha

Skill      XL: |  1  2  3 |
---------------+----------+-----
Spellcasting   | 3 |  3.6
Conjurations   | 4 |  4.2
Dodging        | |  1.5
Stealth        | |  1.5

Action                   |  1- 3 |  4- 6 || total
-------------------------+-------+-------++-------
Melee: Unarmed           |    14 |    27 ||    41
 Cast: Magic Dart        |   101 |    87 ||   188
Armor: Robe              |     8 |    16 ||    24
Dodge: Dodged            |    10 |    69 ||    79
